[Event "Titled Tuesday Blitz May 9 Early 2023"]
[White "Arat, Ufuk Sezen"]
[Black "Sarkar, Justin"]
[WhiteFideId "6309089"]
[BlackFideId "2010011"]
[WhiteElo "2289"]
[BlackElo "2168"]
[Result "1-0"]
[Round "04"]
[TimeControl "180+2"]
[Date "2023.05.09"]
[WhiteClock "0:01:42"]
[BlackClock "0:00:30"]

1. e4 c5 2. Nf3 Qa5 3. Nc3 Nc6 4. d4 cxd4 5. Nxd4 g6 6. Nb3 Qc7 7. Bd3 Bg7 8. Nd5 Qd8 9. O-O d6 10. Bg5 h6 11. Bh4 g5 12. Bg3 Bxb2 13. Rb1 Bg7 14. Re1 Nf6 15. f4 gxf4 16. Bxf4 Nxd5 17. exd5 Ne5 18. Qh5 Bg4 19. Qh4 Qd7 20. Nc5 dxc5 21. Bb5 Nc6 22. dxc6 bxc6 23. Bxc6 Qxc6 24. Qxe7# 1-0


[Site "https://www.chess.com"]

[Event "Titled Tuesday Blitz May 9 Early 2023"]
[White "Abrosimov, Vladimir"]
[Black "Bettalli, Francesco"]
[WhiteFideId "4166892"]
[BlackFideId "2816453"]
[WhiteElo "2336"]
[BlackElo "2216"]
[Result "0-1"]
[Round "04"]
[TimeControl "180+2"]
[Date "2023.05.09"]
[WhiteClock "0:00:03"]
[BlackClock "0:00:32"]

1. c4 g6 2. Nc3 Bg7 3. g3 c5 4. Bg2 f5 5. d3 e5 6. e4 d6 7. Nge2 Nc6 8. O-O Nge7 9. f4 O-O 10. Be3 Nd4 11. Bxd4 cxd4 12. Nd5 Nxd5 13. cxd5 fxe4 14. Bxe4 Bg4 15. Qd2 Qb6 16. Kg2 Rac8 17. h3 Bd7 18. Rac1 Rc5 19. Rxc5 Qxc5 20. Rc1 Qb6 21. b3 a5 22. Qc2 Rc8 23. Qd2 Qd8 24. Rxc8 Qxc8 25. Qxa5 Bxh3+ 26. Kh2 Bf1 27. Qe1 Qh3+ 28. Kg1 Bxe2 29. Qxe2 Qxg3+ 30. Bg2 Qxf4 31. Qc2 Qe3+ 32. Kh1 Qe1+ 33. Kh2 Qh4+ 34. Kg1 Qd8 35. b4 Bh6 36. a4 Be3+ 37. Kf1 Qf6+ 38. Ke1 Qh4+ 39. Kd1 Qg4+ 40. Qe2 Qd7 41. b5 Qc7 42. Qc2 Qa5 43. Bh3 Qc3 44. Be6+ Kg7 45. b6 Qa1+ 46. Ke2 Qg1 47. Kf3 h5 48. a5 Qf1+ 49. Kg3 Bf4+ 50. Kh4 Qh1+ 51. Bh3 g5+ 52. Kxh5 Qxh3# 0-1


[Site "https://www.chess.com"]

[Event "Titled Tuesday Blitz May 9 Early 2023"]
[White "Martic, Ivan"]
[Black "Tsyhanchuk, Stanislav"]
[WhiteFideId "929301"]
[BlackFideId "13505130"]
[WhiteElo "2360"]
[BlackElo "2173"]
[Result "1-0"]
[Round "04"]
[TimeControl "180+2"]
[Date "2023.05.09"]
[WhiteClock "0:00:08"]
[BlackClock "0:00:05"]

1. d4 Nf6 2. Bg5 Ne4 3. Bf4 c5 4. f3 Nf6 5. d5 d6 6. e4 Nbd7 7. Nc3 a6 8. a4 Ne5 9. Nge2 g6 10. Nc1 Bg7 11. Be2 e6 12. O-O exd5 13. exd5 O-O 14. Kh1 h5 15. Qd2 Bf5 16. Bg5 Qd7 17. a5 b5 18. axb6 Qb7 19. f4 Ned7 20. Nb3 Nxb6 21. Na5 Qc7 22. h3 Qd7 23. Kh2 Ne4 24. Nxe4 Bxe4 25. Bf3 Rfe8 26. Bxe4 Rxe4 27. f5 Be5+ 28. Kh1 Rd4 29. Qf2 Nxd5 30. c3 Re4 31. fxg6 fxg6 32. Rad1 Nf4 33. Qf3 Qa4 34. b4 d5 35. Rxd5 Nxd5 36. Qxe4 Nc7 37. Qxe5 Qd7 38. Qf6 Qe6 39. bxc5 Re8 40. Qd4 Nd5 41. Bh6 Qe7 42. Qxd5+ Qe6 43. Rf8+ Kh7 44. Qxe6 Rxe6 45. Bf4 Re1+ 46. Kh2 Ra1 47. Nb7 a5 48. c6 a4 49. c7 a3 50. c8=Q a2 51. Qd7# 1-0


[Site "https://www.chess.com"]

[Event "Titled Tuesday Blitz May 9 Early 2023"]
[White "Rodriguez Santiago, Jaime"]
[Black "Ljukin, Sergei"]
[WhiteFideId "3100898"]
[BlackFideId "14102200"]
[WhiteElo "2025"]
[BlackElo "2312"]
[Result "0-1"]
[Round "04"]
[TimeControl "180+2"]
[Date "2023.05.09"]
[WhiteClock "0:02:30"]
[BlackClock "0:01:59"]

1. c4 c6 2. d4 d5 3. cxd5 cxd5 4. Bf4 Nf6 5. e3 Nc6 6. Nc3 Bf5 7. Be2 e6 8. g4 Bg6 9. h4 h6 10. Qb3 Bb4 11. Bf3 Qa5 12. Ne2 Ne4 13. Kf1 Nd2+ 0-1


[Site "https://www.chess.com"]

[Event "Titled Tuesday Blitz May 9 Early 2023"]
[White "Garrido, Denis"]
[Black "Dinu, Dumitru-Daniel"]
[WhiteFideId "601217"]
[BlackFideId "1208403"]
[WhiteElo "2258"]
[BlackElo "2240"]
[Result "0-1"]
[Round "04"]
[TimeControl "180+2"]
[Date "2023.05.09"]
[WhiteClock "0:01:41"]
[BlackClock "0:00:43"]

1. d4 Nf6 2. c4 e6 3. Nf3 Bb4+ 4. Nbd2 b6 5. a3 Bxd2+ 6. Qxd2 Bb7 7. e3 O-O 8. Be2 Ne4 9. Qc2 f5 10. O-O a5 11. b3 d6 12. Bb2 Nd7 13. d5 e5 14. Ne1 Qg5 15. Nd3 Rf6 16. f4 Qh6 17. Rf3 Rg6 18. fxe5 Ng5 19. Rg3 Ne4 20. Rxg6 Qxe3+ 21. Kh1 hxg6 22. exd6 cxd6 23. Bf3 Ndc5 24. Re1 Qxd3 25. Bxe4 fxe4 26. Qf2 Rf8 0-1


[Site "https://www.chess.com"]

[Event "Titled Tuesday Blitz May 9 Early 2023"]
[White "Levitan, Caleb Levi"]
[Black "Redzisz, Michal"]
[WhiteFideId "14332620"]
[BlackFideId "21816107"]
[WhiteElo "1963"]
[BlackElo "2175"]
[Result "1-0"]
[Round "04"]
[TimeControl "180+2"]
[Date "2023.05.09"]
[WhiteClock "0:00:35"]
[BlackClock "0:00:05"]

1. e4 c5 2. Nf3 e6 3. d4 cxd4 4. Nxd4 a6 5. c4 Ne7 6. Nc3 Nbc6 7. Be3 g6 8. Qd2 Bg7 9. Be2 O-O 10. O-O f5 11. exf5 Nxf5 12. Nxf5 Rxf5 13. Rad1 Rf7 14. Ne4 d5 15. cxd5 exd5 16. Qxd5 Qxd5 17. Rxd5 Be6 18. Rd2 h6 19. b3 Kh7 20. Rfd1 Ne5 21. Nd6 Rd7 22. Nc4 Bxc4 23. Bxc4 Rxd2 24. Rxd2 Nxc4 25. bxc4 Rc8 26. c5 b6 27. Rc2 Rc6 28. Kf1 Bf8 29. Rd2 Bxc5 30. Rd7+ Kg8 31. Bxh6 b5 32. Ke2 Re6+ 33. Be3 Bxe3 34. fxe3 Kf8 35. g4 Rc6 36. h4 Rc2+ 37. Rd2 Rc4 38. Kf3 Ke7 39. e4 Ke6 40. Kf4 Rc8 41. h5 Rf8+ 42. Kg5 gxh5 43. gxh5 Ke5 44. h6 Rg8+ 45. Kh5 Kxe4 46. h7 Rf8 47. Kg6 Ke3 48. Kg7 Rc8 49. Rd6 Rc7+ 50. Kg6 Rc8 51. Rxa6 Kd3 52. Rf6 Kc3 53. Kg7 Kb2 54. Rf8 Rc7+ 55. Kg6 Rxh7 56. Kxh7 b4 57. Rb8 Kxa2 58. Rxb4 Ka3 59. Rb8 1-0


[Site "https://www.chess.com"]

[Event "Titled Tuesday Blitz May 9 Early 2023"]
[White "Gurevich, Dmitry"]
[Black "babbilator"]
[WhiteFideId "2000407"]
[WhiteElo "2506"]
[BlackElo "2268"]
[Result "0-1"]
[Round "04"]
[TimeControl "180+2"]
[Date "2023.05.09"]
[WhiteClock "0:00:00"]
[BlackClock "0:00:06"]

1. Nf3 Nf6 2. c4 c5 3. Nc3 e6 4. g3 b6 5. Bg2 Bb7 6. O-O Be7 7. d4 cxd4 8. Qxd4 d6 9. b3 O-O 10. Ba3 Na6 11. Nb5 Nc5 12. Rad1 Nfe4 13. Nd2 a6 14. Nxe4 axb5 15. Bb2 e5 16. Qe3 Qb8 17. Nc3 Bxg2 18. Kxg2 bxc4 19. bxc4 Na4 20. Nxa4 Rxa4 21. Qb3 Qa8+ 22. Rd5 Rc8 23. e4 Raxc4 24. f3 Rc2+ 25. Rf2 Qc6 26. Rxc2 Qxc2+ 27. Kh3 Qxb3 28. axb3 Rc5 29. Rd3 Rb5 30. Ba3 Kf8 31. f4 exf4 32. gxf4 Ke8 33. Kg4 g6 34. Kf3 Bf8 35. h3 f6 36. Ke3 Kf7 37. Kd2 Ke6 38. Kc2 Ra5 39. Kb2 Ra7 40. h4 Rc7 41. h5 gxh5 42. Rh3 Rg7 43. Rxh5 Be7 44. Bb4 Kd7 45. Ka3 Rg4 46. Rxh7 Rxf4 47. Bc3 Rxe4 0-1


[Site "https://www.chess.com"]

[Event "Titled Tuesday Blitz May 9 Early 2023"]
[White "Antonio, Jorge Carlos"]
[Black "Jimenez Almeida, Luis David"]
[WhiteFideId "113190"]
[BlackFideId "22242244"]
[WhiteElo "2247"]
[BlackElo "2245"]
[Result "1-0"]
[Round "04"]
[TimeControl "180+2"]
[Date "2023.05.09"]
[WhiteClock "0:00:23"]
[BlackClock "0:00:00"]

1. d4 g6 2. c4 Bg7 3. Nf3 f5 4. Nc3 Nf6 5. g3 O-O 6. Bg2 d6 7. O-O Nc6 8. d5 Ne5 9. Nxe5 dxe5 10. e4 f4 11. gxf4 exf4 12. Bxf4 Nxe4 13. Bg3 Nxg3 14. hxg3 e6 15. Qd2 exd5 16. cxd5 Bf5 17. Rac1 Qd7 18. Rfd1 Rae8 19. Re1 h5 20. Ne4 Bxe4 21. Rxe4 Rxe4 22. Bxe4 Qd6 23. Kg2 Kh7 24. Qg5 Qe5 25. Qxg6+ Kg8 26. Qh7+ Kf7 27. Qg6+ Kg8 28. Qh7+ Kf7 29. Re1 Rh8 30. Qg6+ Kf8 31. Re3 Rh6 32. Rf3+ Kg8 33. Qf7+ Kh8 34. Bg6 h4 35. Re3 h3+ 36. Kh2 1-0


[Site "https://www.chess.com"]

[Event "Titled Tuesday Blitz May 9 Early 2023"]
[White "Dudzinski, Pawel"]
[Black "Wimalasuriya, Kasun M."]
[WhiteFideId "1117890"]
[BlackFideId "9906789"]
[WhiteElo "2099"]
[BlackElo "2218"]
[Result "0-1"]
[Round "04"]
[TimeControl "180+2"]
[Date "2023.05.09"]
[WhiteClock "0:00:06"]
[BlackClock "0:00:31"]

1. e4 c5 2. Nc3 Nc6 3. g3 g6 4. Bg2 Bg7 5. d3 d6 6. Be3 Nf6 7. Qd2 Ng4 8. Bf4 e5 9. Bg5 f6 10. Be3 Nxe3 11. Qxe3 Nd4 12. O-O-O Be6 13. Kb1 b5 14. f4 b4 15. Nd5 Bxd5 16. exd5 O-O 17. Nf3 a5 18. Bh3 a4 19. Nxd4 cxd4 20. Be6+ Kh8 21. Qe2 Qc7 22. h4 a3 23. h5 axb2 24. h6 Rxa2 25. hxg7+ Kxg7 26. Qd2 Rfa8 27. Qxb4 Ra1+ 28. Kxb2 Rxd1 29. Rxd1 Rb8 30. Qxb8 Qxb8+ 31. Kc1 Qb4 32. fxe5 fxe5 33. Rf1 Qa3+ 34. Kd2 Qc3+ 35. Kd1 Qa1+ 36. Ke2 Qc3 37. Rf7+ Kh6 38. Kd1 Qa1+ 39. Kd2 Qg1 40. Rd7 e4 41. dxe4 Qe3+ 42. Kd1 Qf3+ 43. Kc1 Qc3 44. Kd1 Qf3+ 45. Kc1 Qxg3 46. Bg8 Qe1+ 47. Kb2 Qc3+ 48. Kb1 Qb4+ 49. Kc1 Qa3+ 50. Kb1 Qb4+ 51. Kc1 Qe1+ 52. Kb2 Qxe4 53. Rxh7+ Kg5 54. Rd7 Qe5 55. Bh7 d3+ 56. Kc1 Qe1+ 57. Kb2 d2 58. Rg7 d1=Q 59. Rxg6+ Kh5 60. Rxd6 Qa1+ 61. Kb3 Qec3# 0-1


[Site "https://www.chess.com"]

[Event "Titled Tuesday Blitz May 9 Early 2023"]
[White "Andreassen, Lars"]
[Black "Abdilkhair, Abilmansur"]
[WhiteFideId "1504878"]
[BlackFideId "13716417"]
[WhiteElo "2119"]
[BlackElo "2215"]
[Result "1/2-1/2"]
[Round "04"]
[TimeControl "180+2"]
[Date "2023.05.09"]
[WhiteClock "0:00:07"]
[BlackClock "0:00:18"]

1. d4 Nf6 2. Nf3 b6 3. Bg5 Ne4 4. Bh4 Bb7 5. Nbd2 d5 6. e3 Nd7 7. Bd3 c5 8. c3 Qc7 9. O-O e6 10. Qa4 Bd6 11. Bg3 Nxg3 12. hxg3 O-O 13. Rac1 e5 14. dxe5 Nxe5 15. Nxe5 Bxe5 16. Nf3 Bf6 17. Qg4 g6 18. Rcd1 Rad8 19. Bc2 Bg7 20. Rfe1 Rfe8 21. a4 Qc6 22. Qf4 Re7 23. Rd2 Rde8 24. Red1 h6 25. Bb3 c4 26. Bc2 b5 27. axb5 Qxb5 28. Nd4 Qb6 29. Bb1 Bc8 30. Nf3 g5 31. Nxg5 hxg5 32. Qxg5 Qf6 33. Qh5 Be6 34. Rd4 Qh6 35. Qf3 Bxd4 36. Rxd4 f6 37. Rh4 Qg5 38. Rf4 Rf8 39. g4 Rg7 40. Bf5 Bxf5 41. Qxd5+ Kh8 42. Rxf5 Qxg4 43. Rh5+ Rh7 44. Qd6 Rg8 45. Qxf6+ Qg7 46. Rxh7+ Kxh7 47. Qh4+ Qh6 48. Qe4+ Qg6 49. Qh4+ Qh6 50. Qe4+ Kh8 51. Qe5+ Rg7 52. Qe8+ Kh7 53. Qe4+ Qg6 54. Qh4+ Kg8 55. Qd8+ Kh7 56. Qh4+ Qh6 57. Qe4+ Kh8 58. Qe8+ Rg8 59. Qe5+ Qg7 60. Qh5+ Qh7 61. Qe5+ Rg7 62. Qe8+ Qg8 63. Qh5+ Rh7 64. Qe5+ Qg7 65. Qe8+ Qg8 66. Qe5+ Rg7 67. Qh5+ Qh7 68. Qe8+ Rg8 69. Qe5+ Qg7 70. Qh5+ Qh7 71. Qe5+ 1/2-1/2


[Site "https://www.chess.com"]

[Event "Titled Tuesday Blitz May 9 Early 2023"]
[White "Mackster23"]
[Black "Kiseleva, Arina"]
[BlackFideId "4164989"]
[WhiteElo "2437"]
[BlackElo "1708"]
[Result "1-0"]
[Round "04"]
[TimeControl "180+2"]
[Date "2023.05.09"]
[WhiteClock "0:00:07"]
[BlackClock "0:00:00"]

1. e4 c6 2. d4 d5 3. Nd2 dxe4 4. Nxe4 Nf6 5. Nxf6+ exf6 6. c3 Bd6 7. Bd3 Na6 8. Qc2 h5 9. Nf3 Bg4 10. Nh4 Qe7+ 11. Be3 Nc7 12. h3 Be6 13. O-O-O Nd5 14. Kb1 Nxe3 15. fxe3 O-O-O 16. Nf5 Bxf5 17. Bxf5+ Kb8 18. Qf2 g6 19. Bc2 f5 20. Qf3 Rhe8 21. Rde1 Qg5 22. Re2 h4 23. Rf1 Bg3 24. e4 fxe4 25. Rxe4 f5 26. Re2 Rxe2 27. Qxe2 Qf6 28. Rf3 f4 29. Qd3 Re8 30. a4 g5 31. Rf1 Re3 32. Qf5 Qxf5 33. Bxf5 Re2 34. Rg1 Bh2 35. Rh1 Rxg2 36. Be4 Re2 37. Bd3 Rd2 38. Kc1 Rxd3 39. Rxh2 Rg3 40. Kd2 f3 41. Ke3 Kc7 42. Kf2 Kd6 43. c4 b6 44. b4 a5 45. b5 c5 46. d5 Ke5 47. Kf1 Kd4 48. d6 f2 49. d7 Kxc4 50. d8=Q Rg1+ 51. Kxf2 Rc1 52. Qg8+ 1-0


[Site "https://www.chess.com"]

[Event "Titled Tuesday Blitz May 9 Early 2023"]
[White "Floresvillar Gonzalez, Luis Migu"]
[Black "Urbina Perez, Juan Antonio"]
[WhiteFideId "5100542"]
[BlackFideId "2217368"]
[WhiteElo "2040"]
[BlackElo "2197"]
[Result "0-1"]
[Round "04"]
[TimeControl "180+2"]
[Date "2023.05.09"]
[WhiteClock "0:00:00"]
[BlackClock "0:01:18"]

1. d4 d5 2. c3 c5 3. Nf3 cxd4 4. cxd4 Nc6 5. Nc3 Nf6 6. Bf4 a6 7. e3 Bg4 8. Be2 e6 9. O-O Bd6 10. Bxd6 Qxd6 11. h3 Bf5 12. Rc1 O-O 13. Nh4 Be4 14. f3 Bg6 15. f4 Be4 16. Nf3 Rac8 17. Ne5 Rc7 18. Bd3 Bxd3 19. Qxd3 Rfc8 20. Rce1 Nd7 21. Rf3 f6 22. Ng4 b5 23. Rg3 Kh8 24. Rf1 b4 25. Ne2 Ne7 26. Rgf3 Qc6 27. Ng3 f5 28. Ne5 Nxe5 29. fxe5 Qc2 30. Qxc2 Rxc2 31. R3f2 g6 32. b3 Kg7 33. Rxc2 Rxc2 34. Rf2 Rc1+ 35. Kh2 Rc3 36. Kg1 Rxe3 37. Rc2 Rc3 38. Rd2 h6 39. Ne2 Rc7 40. Nf4 Kf7 41. g4 g5 42. Nd3 f4 43. h4 a5 44. hxg5 hxg5 45. Rh2 Kg6 0-1


[Site "https://www.chess.com"]

[Event "Titled Tuesday Blitz May 9 Early 2023"]
[White "petr577"]
[Black "sebastianmarinp"]
[WhiteElo "2205"]
[BlackElo "2435"]
[Result "0-1"]
[Round "04"]
[TimeControl "180+2"]
[Date "2023.05.09"]
[WhiteClock "0:00:00"]
[BlackClock "0:00:05"]

1. e4 e5 2. Nf3 Nc6 3. Bb5 a6 4. Ba4 Nf6 5. O-O b5 6. Bb3 Bb7 7. d3 Be7 8. Nc3 O-O 9. a4 b4 10. Ne2 d5 11. Ng3 Na5 12. Bxd5 Nxd5 13. exd5 Qxd5 14. Re1 Bd6 15. Nh4 f5 16. Qh5 Rf6 17. Ngxf5 Raf8 18. Ne3 Qc6 19. Ng4 R6f7 20. Be3 Qxc2 21. Nxe5 Rxf2 22. Bxf2 Qxf2+ 23. Kh1 Nb3 24. Nef3 Nxa1 25. Rxa1 g6 26. Qg5 Qxb2 27. Rf1 Qf6 28. Qd2 Qf4 0-1


[Site "https://www.chess.com"]

[Event "Titled Tuesday Blitz May 9 Early 2023"]
[White "Pinto, Daniel"]
[Black "Tarnowska, Aleksandra"]
[WhiteFideId "3303144"]
[BlackFideId "1180967"]
[WhiteElo "2145"]
[BlackElo "1776"]
[Result "1-0"]
[Round "04"]
[TimeControl "180+2"]
[Date "2023.05.09"]
[WhiteClock "0:00:47"]
[BlackClock "0:00:02"]

1. Nf3 d5 2. g3 Nf6 3. Bg2 c5 4. O-O Nc6 5. c4 e5 6. cxd5 Nxd5 7. Nc3 Be6 8. d3 Be7 9. Bd2 O-O 10. Rc1 f5 11. a3 f4 12. Ne4 b6 13. b4 Rc8 14. bxc5 bxc5 15. Nxc5 Bxc5 16. Rxc5 g5 17. Qa1 Qd6 18. Nxg5 fxg3 19. hxg3 Nf6 20. Nxe6 Qxe6 21. Rxc6 Rxc6 22. Bxc6 Qxc6 23. Qxe5 Re8 24. Qg5+ Kh8 25. Rc1 Qd7 26. Qxf6+ Qg7 1-0


[Site "https://www.chess.com"]

[Event "Titled Tuesday Blitz May 9 Early 2023"]
[White "Winkels, Marcel"]
[Black "Topalov, Aleksandar"]
[WhiteFideId "1003887"]
[BlackFideId "925659"]
[WhiteElo "1900"]
[BlackElo "2151"]
[Result "1-0"]
[Round "04"]
[TimeControl "180+2"]
[Date "2023.05.09"]
[WhiteClock "0:00:54"]
[BlackClock "0:00:00"]

1. d4 Nf6 2. Nc3 d5 3. Bf4 Bf5 4. e3 c6 5. Nf3 Nbd7 6. Ne5 Qa5 7. Bd3 Nxe5 8. Bxe5 Ne4 9. O-O Nxc3 10. Qd2 Bxd3 11. cxd3 f6 12. Bg3 e5 13. bxc3 exd4 14. exd4 Kf7 15. Rfe1 Ba3 16. Re2 Rae8 17. Rae1 Qd8 18. Rb1 b5 19. c4 Rxe2 20. Qxe2 Re8 21. Qd2 a6 22. Qc3 Bf8 23. cxb5 cxb5 24. Qc6 Re6 25. Qb7+ Qe7 26. Qxe7+ Bxe7 27. Rc1 g5 28. Kf1 h5 29. h3 Rb6 30. Rc7 b4 31. Rd7 1-0


[Site "https://www.chess.com"]

[Event "Titled Tuesday Blitz May 9 Early 2023"]
[White "Liu, Casper"]
[Black "Botez, Alexandra"]
[WhiteFideId "1454153"]
[BlackFideId "2603365"]
[WhiteElo "2221"]
[BlackElo "2040"]
[Result "1-0"]
[Round "04"]
[TimeControl "180+2"]
[Date "2023.05.09"]
[WhiteClock "0:02:14"]
[BlackClock "0:01:03"]

1. b3 d5 2. Bb2 c5 3. e3 Nc6 4. g3 Nf6 5. Bg2 e5 6. d4 cxd4 7. exd4 e4 8. Ne2 Bd6 9. O-O O-O 10. c4 Re8 11. Nbc3 Nb4 12. cxd5 Nbxd5 13. Rc1 Bf5 14. Re1 a6 15. Qd2 Rc8 16. a3 Qd7 17. Nd1 Rxc1 18. Qxc1 e3 19. Nxe3 Bg6 20. Nxd5 Nxd5 21. Bxd5 Bxa3 22. Bxa3 Qxd5 23. Nf4 Rxe1+ 24. Qxe1 Qd7 25. d5 Bf5 26. d6 g5 27. Nd5 Qc6 28. Ne7+ 1-0


[Site "https://www.chess.com"]

[Event "Titled Tuesday Blitz May 9 Early 2023"]
[White "Fabris, Alberto"]
[Black "Yosha_Iglesias"]
[WhiteFideId "801348"]
[WhiteElo "2161"]
[BlackElo "2430"]
[Result "1/2-1/2"]
[Round "04"]
[TimeControl "180+2"]
[Date "2023.05.09"]
[WhiteClock "0:00:18"]
[BlackClock "0:00:06"]

1. e4 c5 2. Nf3 d6 3. Bb5+ Bd7 4. a4 Nf6 5. Nc3 Nc6 6. O-O e6 7. d4 cxd4 8. Nxd4 Be7 9. Bg5 Nxe4 10. Nxe4 Bxg5 11. Nxd6+ Kf8 12. Nxb7 Qc7 13. Nxc6 Bxc6 14. Bxc6 Qxc6 15. Qd6+ Qxd6 16. Nxd6 Bf6 17. Rab1 Ke7 18. Nc4 Rhc8 19. b3 Bc3 20. Rfd1 Rd8 21. Kf1 Rd5 22. Ne3 Rh5 23. h3 Rc8 24. Ke2 a5 25. Rd3 Bb4 26. Rbd1 Rc7 27. Nc4 Rhc5 28. Rd8 Rxc4 29. bxc4 Rxc4 30. R8d7+ Kf6 31. Rc1 Ba3 32. Ra1 Bb2 33. Ra2 Rxc2+ 34. Kd3 Rxf2 35. Rb7 Bd4 36. Rxf2+ Bxf2 37. Ke2 Bc5 38. Kf3 h5 39. Ke4 Bb4 40. Rb5 g6 41. Rb7 Be1 42. g4 hxg4 43. hxg4 Bd2 44. Rb5 Be1 45. g5+ Kg7 46. Kf4 Bd2+ 47. Kg4 Bc3 48. Rb7 Bd2 49. Rb5 Bc3 50. Kf3 Bd2 51. Ke4 Kg8 52. Kd4 Kg7 53. Kd3 Be1 54. Kc4 f6 55. Rb7+ Kf8 56. gxf6 g5 57. Re7 g4 58. Rxe6 Bf2 59. Re4 g3 60. Rg4 Kf7 61. Kb5 Be1 62. Re4 Bf2 63. Kxa5 g2 64. Rg4 g1=Q 65. Rxg1 Bxg1 66. Kb5 Kxf6 67. Kc6 Ke7 68. a5 Kd8 69. Kb7 Kd7 70. a6 Kd6 71. a7 Bxa7 1/2-1/2


[Site "https://www.chess.com"]

[Event "Titled Tuesday Blitz May 9 Early 2023"]
[White "Vidruska, Renate"]
[Black "Mouhamad, Joachim"]
[WhiteFideId "11601841"]
[BlackFideId "656410"]
[WhiteElo "1976"]
[BlackElo "2125"]
[Result "1/2-1/2"]
[Round "04"]
[TimeControl "180+2"]
[Date "2023.05.09"]
[WhiteClock "0:00:06"]
[BlackClock "0:00:11"]

1. e4 c5 2. Nf3 Nc6 3. d4 cxd4 4. Nxd4 Nf6 5. Nc3 d6 6. g3 g6 7. Bg2 Bg7 8. Nde2 O-O 9. O-O Bd7 10. h3 Rc8 11. Kh2 a6 12. a4 Nb4 13. Be3 b6 14. g4 Qc7 15. Kh1 Rfd8 16. f4 Bc6 17. Ng3 d5 18. e5 Ne4 19. Ncxe4 dxe4 20. Qe2 Bb7 21. c3 Nd5 22. Bd4 e3 23. Bxe3 Nxe3 24. Qxe3 Bxg2+ 25. Kxg2 e6 26. Rf2 Qc6+ 27. Kh2 Bf8 28. Rd2 Bc5 29. Rxd8+ Rxd8 30. Qe2 a5 31. Ne4 Be7 32. Ng3 Qd7 33. Kg1 Qd2 34. Re1 Bc5+ 35. Kg2 Qxe2+ 36. Rxe2 Rd1 37. Ne4 Be7 38. Rd2 Rb1 39. Kf3 Kf8 40. Ke2 Rh1 41. Nf2 Ra1 42. Rd4 Bc5 43. Re4 Ra2 44. Nd3 Bg1 45. Kd2 Ra1 46. Kc2 Rf1 47. Re2 Rf3 48. Rg2 Be3 49. Re2 Bxf4 50. Ne1 Rxh3 51. Nd3 Bg3 52. Re3 Rh2+ 53. Kb3 Bh4 54. Re4 Bg5 55. Rd4 h5 56. gxh5 gxh5 57. Rd6 Be3 58. Ne1 h4 59. Nf3 Rh1 60. Rd8+ Kg7 61. Rd3 h3 62. Rxe3 Rf1 63. Nh2 Rf5 64. Rxh3 Rxe5 65. Rg3+ Kf8 66. Ng4 Rg5 67. Rg2 f5 68. Ne3 Rxg2 69. Nxg2 Ke7 70. Kc4 e5 71. Kd5 Kf6 72. Ne3 f4 73. Nf1 Kf5 74. c4 e4 75. Kd4 e3 76. Kd3 Ke5 77. b3 Kf5 78. Nxe3+ fxe3 79. Kxe3 Ke5 80. Kd3 Kd6 81. Kd4 Kc6 82. Ke5 Kc5 83. Ke6 Kb4 84. Kd5 Kxb3 85. c5 bxc5 86. Kxc5 Kxa4 87. Kc4 Ka3 88. Kc3 a4 89. Kc2 Ka2 90. Kc1 a3 91. Kc2 Ka1 92. Kc1 Ka2 93. Kc2 Ka1 94. Kc1 a2 95. Kc2 1/2-1/2


[Site "https://www.chess.com"]

[Event "Titled Tuesday Blitz May 9 Early 2023"]
[White "Levine, David"]
[Black "Sai Han Thiha"]
[WhiteFideId "2011611"]
[BlackFideId "13012290"]
[WhiteElo "2132"]
[BlackElo "1954"]
[Result "0-1"]
[Round "04"]
[TimeControl "180+2"]
[Date "2023.05.09"]
[WhiteClock "0:00:00"]
[BlackClock "0:00:14"]

1. d4 Nf6 2. c4 e6 3. g3 Bb4+ 4. Bd2 Qe7 5. Bg2 O-O 6. Nf3 Bxd2+ 7. Nbxd2 d6 8. O-O Nc6 9. e3 e5 10. Qb3 Rb8 11. Qc3 e4 12. Ne1 Bf5 13. b4 h5 14. b5 Nd8 15. h4 Ne6 16. Qc2 g5 17. Nxe4 Nxe4 18. Bxe4 Nxd4 19. exd4 Bxe4 20. Qe2 Rbe8 21. Qxh5 gxh4 22. Qxh4 Qe6 23. Qg5+ Bg6 24. Nf3 Qxc4 25. Rac1 Qd3 26. Nh4 Rc8 27. Rc3 Qxd4 28. Nxg6 fxg6 29. Qxg6+ Qg7 30. Qxg7+ Kxg7 31. Re1 Kf7 32. Kg2 Rfe8 33. Rce3 Rxe3 34. Rxe3 Rg8 35. f4 c6 36. bxc6 bxc6 37. Rc3 c5 38. Ra3 Ke6 39. Rxa7 c4 40. Kf3 Kd5 41. g4 c3 42. Ra3 Kd4 43. f5 c2 0-1


[Site "https://www.chess.com"]

[Event "Titled Tuesday Blitz May 9 Early 2023"]
[White "Kielinkei"]
[Black "Viasus, Juan Diego"]
[BlackFideId "4464346"]
[WhiteElo "2419"]
[BlackElo "1249"]
[Result "1-0"]
[Round "04"]
[TimeControl "180+2"]
[Date "2023.05.09"]
[WhiteClock "0:00:30"]
[BlackClock "0:01:02"]

1. e4 c5 2. a3 g6 3. Nc3 Bg7 4. Bc4 Nc6 5. d3 e6 6. Nge2 Nge7 7. Ba2 O-O 8. h4 d5 9. h5 b6 10. hxg6 fxg6 11. Bg5 Qe8 12. exd5 Qf7 13. O-O exd5 14. Nf4 Be6 15. Nxe6 Qxe6 16. Qd2 Kh8 17. Rae1 Qd6 18. Bh6 Nd4 19. Bxg7+ Kxg7 20. Qg5 Nef5 21. Nxd5 Nxc2 22. Re4 Rae8 23. Nf4 Rxe4 24. dxe4 Nfd4 25. Nh5+ Kh8 26. Ng3 Rf3 27. Qg4 Ne2+ 28. Nxe2 1-0


[Site "https://www.chess.com"]

[Event "Titled Tuesday Blitz May 9 Early 2023"]
[White "Sailer, Mike"]
[Black "Sargissyan, Sargis"]
[WhiteFideId "2012901"]
[BlackFideId "13303210"]
[WhiteElo "2109"]
[BlackElo "2109"]
[Result "0-1"]
[Round "04"]
[TimeControl "180+2"]
[Date "2023.05.09"]
[WhiteClock "0:00:00"]
[BlackClock "0:00:11"]

1. d4 Nf6 2. Bg5 g6 3. Bxf6 exf6 4. e3 d5 5. c4 c6 6. cxd5 cxd5 7. Nc3 Be6 8. Qb3 Nd7 9. Nge2 Qb6 10. Qxb6 Nxb6 11. Nf4 Bb4 12. Bb5+ Ke7 13. Ke2 Rac8 14. Rhc1 g5 15. Nd3 Bxc3 16. Rxc3 Rxc3 17. bxc3 a6 18. Rb1 axb5 19. Rxb5 Nd7 20. Rxb7 Ra8 21. Nb4 Ra3 22. Kd2 Kd6 23. f3 h5 24. e4 dxe4 25. fxe4 Bxa2 26. Kc2 Bc4 27. Kb2 Rb3+ 28. Kc2 Ra3 29. Kb2 Rb3+ 30. Kc2 h4 31. g3 hxg3 32. hxg3 Ra3 33. Kb2 Ra8 34. Kc2 Ra1 35. Kd2 Rg1 36. Nc2 Rg2+ 37. Kc1 Rxg3 0-1


[Site "https://www.chess.com"]

[Event "Titled Tuesday Blitz May 9 Early 2023"]
[White "Butti, Enrique"]
[Black "Da Silva, Lindolfo Luiz"]
[WhiteFideId "3700470"]
[BlackFideId "2106558"]
[WhiteElo "2080"]
[BlackElo "2420"]
[Result "0-1"]
[Round "04"]
[TimeControl "180+2"]
[Date "2023.05.09"]
[WhiteClock "0:00:00"]
[BlackClock "0:00:16"]

1. d4 Nf6 2. Nf3 g6 3. c4 Bg7 4. Nc3 d6 5. e4 O-O 6. Be2 e5 7. d5 a5 8. Bg5 Na6 9. Nd2 h6 10. Bh4 Bd7 11. O-O Qe8 12. b3 Nh7 13. a3 h5 14. f3 Bh6 15. Bf2 f5 16. Rb1 b6 17. b4 axb4 18. axb4 Qe7 19. Nb5 Nf6 20. Bd3 Bxd2 21. Qxd2 fxe4 22. fxe4 Ng4 23. Be3 Rxf1+ 24. Bxf1 Rf8 25. Bg5 Qf7 26. h3 Nf6 27. Bd3 Nh7 28. Bh6 Re8 29. Rf1 Qe7 30. Na7 Ra8 31. Nc6 Qe8 32. b5 Nc5 33. Bb1 Bxc6 34. dxc6 Qe6 35. Qd5 Ra1 36. Be3 Kg7 37. Qd2 Qxc4 38. Bh6+ Kg8 39. Qf2 Qd4 0-1


[Site "https://www.chess.com"]